 Dungeon Crawl Stone Soup version 0.28.0-43-g3370ac3207 (webtiles) character file.

Game seed: 8142086980204687802

41388 rlgrobin the Nimble (level 14, -4/82 HPs)
             Began as a Gargoyle Earth Elementalist on Mar 4, 2022.
             Was an Initiate of Gozag.
             Slain by Snorg (11 damage)
             ... on level 3 of the Lair of Beasts.
             The game lasted 00:42:14 (22606 turns).

rlgrobin the Nimble (Gargoyle Earth Elementalist)  Turns: 22606, Time: 00:42:14

Health: -4/82      AC: 35    Str: 26    XL:     14   Next: 15%
Magic:  21/21      EV: 12    Int: 16    God:    Gozag
Gold:   2835       SH:  0    Dex: 10    Spells: 17/23 levels left

rFire   . . .      SeeInvis .   a - +7 whip (venom)
rCold   . . .      Faith    .   (no shield)
rNeg    + . .      Spirit   .   E - +2 chain mail of Living Contentment {-Cast rElec Regen+ Str+9}
rPois   ∞          Reflect  .   S - +2 helmet
rElec   +          Harm     .   F - +1 cloak
rCorr   +          Rampage  .   L - +0 pair of gloves
Will    +....      NoCast   +   I - +2 pair of boots
Stlth   ..........              i - amulet of regeneration
HPRegen 1.83/turn               b - ring of resist corrosion
MPRegen 0.17/turn               C - ring of flight

@: flying, invisible
A: sickness immunity, AC +10, big wings, negative energy resistance 1,
electricity resistance, torment resistance 1, petrification resistance, frail 1
a: Renounce Religion, Potion Petition, Call Merchant, Bribe Branch


You were on level 3 of the Lair of Beasts.
You worshipped Gozag.
Gozag was most pleased with you.
You visited 3 branches of the dungeon, and saw 16 of its levels.
You also visited: Sewer and Bailey.

You collected 4158 gold pieces.
You spent 162 gold pieces at shops.
You paid 1161 gold pieces to Gozag.

Inventory:

Hand Weapons
 a - a +7 whip of venom (weapon)
 w - a +1 vorpal quarterstaff
Missiles
 c - 331 stones
 h - a curare-tipped dart
 l - 36 poisoned darts (quivered)
 y - 2 boomerangs of dispersal
 A - 6 throwing nets
Armour
 g - the +5 robe of Gallantry {rF+ SInv}
   (You took it off a gnoll shaman in a bailey)

   rF:        It protects you from fire.
   SInv:      It lets you see invisible.
 E - the +2 chain mail of Living Contentment (worn) {-Cast rElec Regen+ Str+9}
   (You found it on level 9 of the Dungeon)

   Str:       It affects your strength (+9).
   rElec:     It insulates you from electricity.
   -Cast:     It prevents spellcasting.
   Regen:     It increases your rate of health regeneration.
 F - a +1 cloak (worn)
 I - a +2 pair of boots (worn)
 L - a +0 pair of gloves (worn)
 S - a +2 helmet (worn)
Magical Staves
 r - a staff of fire
 M - a staff of air
Jewellery
 b - a ring of resist corrosion (left hand)
 i - an amulet of regeneration (around neck)
 C - a ring of flight (right hand)
 R - a ring of positive energy
Wands
 f - a wand of charming (2)
 v - a wand of mindburst (15)
 H - a wand of polymorph (6)
 J - a wand of flame (22)
 O - a wand of acid (5)
Scrolls
 d - 2 scrolls of amnesia
 e - 3 scrolls of vulnerability
 j - 4 scrolls of noise
 n - 3 scrolls of teleportation
 o - 3 scrolls of magic mapping
 u - 2 scrolls of identify
 x - 2 scrolls of fog
 z - 3 scrolls of blinking
 G - 2 scrolls of brand weapon {unknown}
 K - a scroll of acquirement
 N - a scroll of immolation {unknown}
 Q - a scroll of holy word {unknown}
 T - a scroll of fear
Potions
 k - 5 potions of brilliance
 m - 5 potions of haste
 p - 4 potions of attraction
 q - 5 potions of curing
 s - a potion of cancellation
 t - a potion of ambrosia
 B - a potion of lignification
 D - a potion of magic
 P - a potion of invisibility


   Skills:
 + Level 12.0 Fighting
 - Level 6.0 Maces & Flails
 + Level 11.9 Armour
 * Level 12.3 Dodging
 - Level 2.1 Stealth
 - Level 5.0 Spellcasting
 - Level 8.0 Conjurations
 - Level 0.7 Transmutations
 - Level 8.0 Earth Magic


You had 17 spell levels left.
You knew the following spells:

 Your Spells              Type           Power      Damage    Failure   Level
a - Sandblast             Erth           58%        2d13      2%          1
b - Stone Arrow           Conj/Erth      58%        3d10      8%          3
q - Passwall              Tmut/Erth      14%        N/A       17%         2

Your spell library contained the following spells:

 Spells                   Type           Power      Damage    Failure   Level
 Foxfire                  Conj/Fire      64%        2x1d7     13%         1
 Static Discharge         Conj/Air       16%        N/A       19%         2
 Conjure Flame            Conj/Fire      16%        6-21      36%         3
 Ensorcelled Hibernation  Hex/Ice        8%         N/A       69%         2
 Petrify                  Tmut/Erth      17%        N/A       73%         4
 Flame Wave               Conj/Fire      16%        2d6       77%         4
 Sticky Flame             Conj/Fire      16%        2d4       77%         4
 Spider Form              Tmut/Pois      5%         N/A       86%         3
 Frozen Ramparts          Ice            8%         1d2       89%         3
 Inner Flame              Hex/Fire       4%         N/A       89%         3
 Ozocubu's Armour         Ice            4%         N/A       89%         3
 Irradiate                Conj/Tmut      8%         3d16      97%         5
 Ice Form                 Ice/Tmut       5%         N/A       99%         4
 Anguish                  Hex/Necr       2%         N/A       100%        4
 Dispel Undead            Necr           4%         3d7       100%        4
 Summon Ice Beast         Ice/Summ       4%         N/A       100%        4
 Blade Hands              Tmut           3%         N/A       100%        5
 Metabolic Englaciation   Hex/Ice        2%         N/A       100%        5
 Simulacrum               Ice/Necr       2%         N/A       100%        6
 Dragon Form              Tmut           3%         N/A       100%        7


Dungeon Overview and Level Annotations

Branches:
Dungeon (11/15)            Temple (1/1) D:7            Lair (4/6) D:11
 Shoals (0/4) Lair:2       Spider (0/4) Lair:3          Orc (0/2) D:9
  Sewer (visited)          Bailey (visited)

Altars:
Ashenzari
Cheibriados
Dithmenos
Elyvilon
Fedhas
Gozag
Hepliaklqana
Kikubaaqudgha
Makhleb
Nemelex Xobeh
Okawaru
Qazlal
Ru
Sif Muna
Trog
Uskayaw
Vehumet
Wu Jian
Xom
Yredelemnul
Zin
The Shining One

Shops:
D:6 *:*(

Annotations:
D:4 1 runed translucent door
D:6 2 transporters, jazmu's ghost, weakling GrDe
D:8 Gastronok
Lair:3 Snorg


Innate Abilities, Weirdness & Mutations

You are immune to sickness and miasma.
Your stone body is resilient. (AC +10)
You are immune to poison.
Your large and strong wings let you fly.
You resist negative energy. (rN+)
You are resistant to electric shocks. (rElec)
You are resistant to unholy torment.
You are immune to petrification.
You are frail. (-10% HP)


Message History

Snorg claws you but does no damage.
You take 8 damage, and have 43/82 hp.
You hit Snorg.
Snorg looks as sick as possible!
Snorg is severely wounded.
Snorg closely misses you. Snorg barely misses you. x2
You barely miss Snorg.
Snorg is severely wounded.
Snorg bites you but does no damage. Snorg barely misses you.
Snorg claws you but does no damage.
You strike the helpless Snorg from behind!
You whack Snorg!
Snorg looks as sick as possible!
Snorg is severely wounded.
Snorg closely misses you. x3; Snorg misses you.
Snorg completely misses you. x2
You whack Snorg!
Snorg looks as sick as possible!
Snorg is severely wounded.
Snorg misses you. Snorg claws you!
* * * LOW HITPOINT WARNING * * *
Snorg misses you.
You take 13 damage, and have 35/82 hp.
You hit Snorg.
Snorg looks as sick as possible!
Snorg is almost dead.
Snorg barely misses you. Snorg misses you. Snorg closely misses you.
You whack Snorg!
Snorg looks as sick as possible!
Snorg is almost dead.
Snorg closely misses you. Snorg claws you.
* * * LOW HITPOINT WARNING * * *
Snorg closely misses you.
You take 5 damage, and have 32/82 hp.
You whack Snorg!
Snorg looks as sick as possible!
Snorg is almost dead.
Snorg bites you!
* * * LOW HITPOINT WARNING * * *
Snorg misses you. Snorg claws you!
* * * LOW HITPOINT WARNING * * *
You take 24 damage, and have 8/82 hp.
You feel better. Snorg barely misses you. Snorg claws you!
* * * LOW HITPOINT WARNING * * *
Snorg barely misses you. Snorg bites you!
You die...
Your body crumbles into a pile of gold.

.....##......##...##.............
......#.....#.......##....#......
#.....................#..........
..##.....#............#....#..#..
..##...P.#...##...##......(.....#
...#........###.8..#....#........
.....P.#...###....####..##.......
.....###...##.......##...#.....P.
#..#P##.<.8###..@..###8.>.#.....≈
...###.#...###.TY..# #...#.....≈≈
...# ####...###...####..##.....≈≈
...# #...###.8...#........#≈≈≈
...# ##...#....#....##...P#.≈≈
...# ##............#........≈
...#########.........##.....P##..
#...##.#.###.........##.##.......
#...........#.....#..............


You could see Snorg (berserk, extremely poisoned) and a yak.

Vanquished Creatures
  2 hydras (Lair:1)
  Harold (D:8)
  Erolcha (D:10)
  8 two-headed ogres
  4 skeletal warriors
  Pikel (D:5)
  A manticore (D:11)
  4 ugly things
  2 cyclopes (D:11)
  6 elephants
  2 black mambas
  6 cane toads
  Maggie (D:10)
  A gargoyle (D:10)
  2 unseen horrors
  A rime drake (Lair:1)
  4 komodo dragons
  A kobold demonologist (D:9)
  2 trolls (D:11)
  10 blink frogs
  4 slime creatures (D:9)
  Prince Ribbit (D:8)
  A wraith (D:7)
  Eustachio (D:4)
  4 basilisks
  4 wyverns
  50 yaks
  Grum (D:9)
  2 steam dragons
  4 vampire mosquitoes (D:11)
  Edmund (D:6)
  2 acid dragons
  12 water moccasins
  A black bear (Lair:4)
  2 orc warriors
  3 hornet zombies
  5 ice beasts
  A sky beast (D:5)
  10 wolves
  3 ogres
  6 centaurs
  A kobold brigand (D:9)
  9 bullfrogs
  10 gnoll sergeants
  2 scorpions (D:5)
  11 killer bees
  8 wights
  2 howler monkeys
  8 electric eels
  5 orc priests
  5 hounds
  3 jellies (D:4)
  8 gnoll shamans (Bailey)
  2 bullfrog skeletons
  4 centaur zombies
  An iguana (D:7)
  8 orc wizards
  A hound zombie (D:3)
  2 howler monkey zombies
  21 gnolls
  10 adders
  A howler monkey skeleton (D:7)
  2 river rats (Sewer)
  3 white imps
  2 worms
  3 dart slugs
  35 orcs
  20 ball pythons
  18 endoplasms
  7 giant cockroaches
  9 goblins
  4 hobgoblins
  2 jackals (D:1)
  19 kobolds
  3 quokkas
  6 bats
  7 frilled lizards
  A kobold zombie (D:4)
  31 rats
472 creatures vanquished.

Vanquished Creatures (others)
  An orc (D:11)
  27 fungi
  40 plants
  9 toadstools (D:4)
77 creatures vanquished.

Grand Total: 549 creatures vanquished

Notes
Turn   | Place    | Note
-------+----------+-------------------------------------------
     0 | D:1      | rlgrobin the Gargoyle Earth Elementalist began the quest
                  | for the Orb.
     0 | D:1      | Reached XP level 1. HP: 10/10 MP: 3/3
   450 | D:1      | Reached XP level 2. HP: 15/15 MP: 3/5
   869 | D:1      | Reached XP level 3. HP: 19/19 MP: 6/6
  1260 | D:2      | Found a basalt altar of Yredelemnul.
  1641 | D:2      | Found a faded altar of an unknown god.
  1901 | D:3      | Reached skill level 1 in Maces & Flails
  1901 | D:3      | Reached XP level 4. HP: 24/24 MP: 8/8
  1904 | D:3      | Learned a level 2 spell: Passwall
  1908 | D:3      | Learned a level 3 spell: Stone Arrow
  2039 | D:3      | Noticed a bullfrog
  2048 | D:3      | Killed a bullfrog
  2049 | D:3      | Reached skill level 1 in Fighting
  2049 | D:3      | Reached skill level 1 in Armour
  2049 | D:3      | Reached XP level 5. HP: 29/29 MP: 9/9
  2955 | D:4      | Found a runed translucent door.
  2955 | D:4      | Noticed a human
  2962 | D:4      | Reached skill level 5 in Earth Magic
  2964 | D:4      | Found a basalt altar of Yredelemnul.
  3016 | D:4      | Found a snail-covered altar of Cheibriados.
  3195 | D:4      | Reached XP level 6. HP: 20/34 MP: 8/11
  3291 | D:4      | HP: 3/35 [ogre/+0 giant spiked club (26)]
  3613 | D:4      | Noticed Eustachio
  3626 | D:4      | Killed Eustachio
  3627 | D:4      | Reached XP level 7. HP: 31/40 MP: 12/12
  4210 | D:5      | Entered Level 5 of the Dungeon
  4214 | D:5      | Found a sparkling altar of Nemelex Xobeh.
  4296 | D:5      | Found a glowing drain.
  4344 | D:5      | Noticed Pikel
  4368 | D:5      | Killed Pikel
  4369 | D:5      | Reached skill level 1 in Conjurations
  4369 | D:5      | Reached XP level 8. HP: 40/48 MP: 12/14
  4454 | Sewer    | Entered a sewer
  5163 | D:5      | Found a burning altar of Makhleb.
  5314 | D:5      | Reached skill level 5 in Armour
  5870 | D:5      | Reached XP level 9. HP: 52/52 MP: 10/15
  6142 | D:5      | Found a glowing golden altar of the Shining One.
  6645 | D:6      | Found Tenokh's Book Emporium.
  6645 | D:6      | Found Ehysenue's General Store.
  6645 | D:6      | Found Sinoudorph's Assorted Antiques.
  6706 | D:6      | Found Riaforr's Weapon Emporium.
  6710 | D:6      | Bought a scroll of blinking for 97 gold pieces
  6710 | D:6      | Bought a potion of curing for 39 gold pieces
  6710 | D:6      | Bought a scroll of identify for 26 gold pieces
  6717 | D:6      | Identified a scroll of acquirement
  6717 | D:6      | Acquired 867 gold pieces
  6733 | D:6      | Reached skill level 5 in Conjurations
  7044 | D:6      | Found a transporter.
  7046 | D:6      | Noticed jazmu's ghost (weakling GrDe)
  7053 | D:6      | Noticed a two-headed ogre
  7063 | D:6      | Found a transporter.
  7150 | D:6      | Found a hazy altar of Hepliaklqana.
  7384 | D:6      | Gained mutation: You are frail. (-10% HP) [potion of
                  | mutation]
  7673 | D:6      | Noticed Edmund
  7682 | D:6      | Killed Edmund
  7683 | D:6      | Reached skill level 5 in Dodging
  8658 | D:7      | Found a staircase to the Ecumenical Temple.
  8672 | Temple   | Entered the Ecumenical Temple
  9496 | D:7      | Reached XP level 10. HP: 51/51 MP: 16/16
  9971 | D:8      | Noticed Prince Ribbit
  9988 | D:8      | Killed Prince Ribbit
 10127 | D:8      | Noticed Gastronok
 10300 | D:8      | Noticed Harold
 10335 | D:8      | Killed Harold
 10794 | D:8      | Found a shadowy altar of Dithmenos.
 10796 | D:8      | Found a shimmering altar of Xom.
 10841 | D:8      | Found an opulent altar of Gozag.
 10865 | D:8      | Noticed a two-headed ogre
 10882 | D:8      | Killed a two-headed ogre
 10883 | D:8      | Reached skill level 5 in Fighting
 11174 | D:9      | Noticed a kobold demonologist
 11193 | D:9      | Killed a kobold demonologist
 11341 | D:9      | Found a staircase to the Orcish Mines.
 11361 | D:9      | Noticed a two-headed ogre
 11702 | D:9      | Killed a two-headed ogre
 11703 | D:9      | Reached skill level 5 in Maces & Flails
 11703 | D:9      | Reached skill level 5 in Spellcasting
 11927 | D:9      | Reached XP level 11. HP: 42/57 MP: 18/18
 12479 | D:9      | Identified the +2 chain mail of Living Contentment {-Cast
                  | rElec Regen+ Str+9}
 12482 | D:9      | Noticed a two-headed ogre
 12525 | D:9      | Killed a two-headed ogre
 12628 | D:8      | Became a worshipper of Gozag Ym Sagoz the Greedy
 13778 | D:10     | Entered Level 10 of the Dungeon
 13792 | D:10     | Noticed a two-headed ogre
 13801 | D:10     | Killed a two-headed ogre
 13873 | D:10     | Noticed Grum
 14067 | D:10     | Noticed a two-headed ogre
 14067 | D:10     | Noticed a two-headed ogre
 14084 | D:9      | Killed Grum
 14155 | D:10     | Killed a two-headed ogre
 14160 | D:10     | Killed a two-headed ogre
 14179 | D:10     | Noticed a two-headed ogre
 14188 | D:10     | Killed a two-headed ogre
 14205 | D:10     | Noticed Erolcha
 14210 | D:10     | Killed Erolcha
 14228 | D:10     | Found a flagged portal.
 14319 | Bailey   | Entered a bailey
 14719 | Bailey   | Reached XP level 12. HP: 63/64 MP: 19/19
 14790 | Bailey   | Identified the +5 robe of Gallantry {rF+ SInv}
 15365 | D:10     | Noticed a two-headed ogre
 15375 | D:10     | Killed a two-headed ogre
 16138 | D:10     | Noticed Maggie
 16151 | D:10     | Killed Maggie
 17505 | D:11     | Found a staircase to the Lair.
 17520 | D:11     | Reached skill level 10 in Dodging
 17966 | D:10     | Reached skill level 10 in Armour
 18217 | D:11     | Reached skill level 10 in Fighting
 18515 | D:11     | Reached XP level 13. HP: 65/73 MP: 20/20
 18974 | Lair:1   | Entered Level 1 of the Lair of Beasts
 21015 | Lair:2   | Found a staircase to the Shoals.
 21802 | Lair:2   | Gained mutation: Your large and strong wings let you fly.
                  | [Gargoyle growth]
 21802 | Lair:2   | Reached XP level 14. HP: 57/81 MP: 21/21
 21951 | Lair:3   | Found a hole to the Spider Nest.
 22576 | Lair:4   | Noticed Snorg
 22605 | Lair:3   | HP: 8/82 [Snorg (11)]
 22606 | Lair:3   | Slain by Snorg

Illustrated notes

Levels and vault maps discovered:
D:1:      dpeg_arrival_long_road, layout_basic
D:2:      layout_basic, ebering_ecumenical_altar_ruins, basic_altar
D:3:      layout_basic, lemuel_old_faithful
D:4:      cheibrodos_fertilizer, layout_rooms, dk_yredelemnul_ordeal,
          kennysheep_slug_shrine, uniq_eustachio
D:5:      layout_loops_corners, kennysheep_mini_moat,
          mainiacjoe_overflow_concentric_impassable,
          nicolae_tso_swordbearing_angel, portal_sewer_entry_f, uniq_pikel
D:6:      layout_basic, lemuel_doored_altar, gammafunk_ghost_smash,
          kennysheep_decorative_pillar, minivault_14, chequers_decorated_corner,
          minmay_shop_grid_forest, uniq_edmund
D:7:      layout_basic, minmay_temple_entry_overgrown
D:8:      layout_loops_ring, mainiacjoe_overflow_catwalk_spiral,
          nicolae_gozag_cash_rules_everything_around_me, uniq_prince_ribbit1,
          uniq_harold, uniq_gastronok
D:9:      layout_grid_maze, orc_0_dummy
D:10:     layout_loops_cross, enter_bailey_2, serial_bayou_lake_a, uniq_erolcha,
          uniq_grum, uniq_maggie
D:11:     minmay_opposing_rooms, layout_irregular_city, minmay_lair_entry_grove
Temple:   dshaligram_water_room_temple
Lair:1:   layout_layer_cave, serial_rivers, chequers_serial_rivers_micro_c,
          chequers_serial_rivers_small_a, chequers_serial_rivers_micro_c,
          chequers_serial_rivers_small_b, chequers_serial_rivers_marsh
Lair:2:   layout_gridlike, minmay_shoals_entry_centaurs
Lair:3:   layout_gridlike, spider_nest_entry_web_field, grunt_megastairs_5,
          infiniplex_staircase_pool
Lair:4:   layout_cave_pods, bobbens_dragon_lair_wall, uniq_snorg

Skill      XL: |  1  2  3  4  5  6  7  8  9 10 11 12 13 14 |
---------------+-------------------------------------------+-----
Earth Magic    | 4 5 6 7 8 |  8.0
Maces & Flails | 1 2 4 5 6 |  6.0
Spellcasting   | 3 4 5 |  5.0
Fighting       | 1 2 4 5 7 10 11 12 | 12.0
Armour         | 1 2 4 5 6 7 8 10 11 | 11.9
Conjurations   | 1 4 6 7 8 |  8.0
Dodging        | 3 6 7 8 10 12 | 12.3
Stealth        | |  2.1
Transmutations | |  0.7

Action                   |  1- 3 |  4- 6 |  7- 9 | 10-12 | 13-15 || total
-------------------------+-------+-------+-------+-------+-------++-------
Melee: Unarmed           |     4 |       |       |       |       ||     4
       Short sword       |     1 |       |       |       |       ||     1
       Whip              |    80 |   105 |   461 |   978 |   731 ||  2355
       Punch             |       |     1 |     8 |    12 |    18 ||    39
Throw: Dart              |       |       |       |    88 |       ||    88
       Stone             |       |       |       |     7 |       ||     7
 Cast: Sandblast         |     7 |     7 |    49 |    60 |       ||   123
       Stone Arrow       |       |       |     7 |    36 |       ||    43
       Passwall          |       |       |       |     1 |       ||     1
Invok: Potion Petition   |       |       |       |     2 |       ||     2
Evoke: Wand              |       |       |     1 |     6 |       ||     7
  Use: Scroll            |       |       |    15 |     5 |       ||    20
       Potion            |       |       |     8 |     1 |     2 ||    11
 Stab: Sleeping          |     6 |       |     1 |     2 |       ||     9
       Invisible         |       |       |       |     2 |     3 ||     5
       Distracted        |       |       |       |     2 |     2 ||     4
       Fleeing           |       |       |       |     1 |       ||     1
Armor: Robe              |    36 |     1 |       |    43 |       ||    80
       Scale mail        |       |    22 |       |       |       ||    22
       Leather armour    |       |    37 |   359 |   177 |       ||   573
       Ring mail         |       |       |       |   101 |       ||   101
       Chain mail        |       |       |       |   233 |   569 ||   802
Dodge: Dodged            |    43 |    65 |   324 |   552 |   579 ||  1563
Block: Other             |       |       |       |   186 |    62 ||   248
       Reflection        |       |       |       |     2 |       ||     2
